 Dungeon Crawl Stone Soup version 0.17-a0-1691-g18a3847 (webtiles) character file.

1397 Liatris the Chopper (level 8, -5/91 HPs)
             Began as a Demonspawn Gladiator on Aug 20, 2015.
             Slain by a troll (12 damage)
             ... on level 6 of the Dungeon.
             The game lasted 00:31:38 (6359 turns).

Liatris the Chopper (Demonspawn Gladiator)          Turns: 6359, Time: 00:31:38

Health: -5/91      AC:  9    Str: 22    XL:     8   Next: 41%
Magic:  8/8        EV: 15    Int: 10    God:
Gold:   307        SH:  2    Dex: 14    Spells: 0 memorised, 7 levels left

rFire  . . .     SeeInvis .     a - +0 war axe
rCold  . . .     Clarity  .     b - +0 leather armour
rNeg   + . .     SustAt   .     (no shield)
rPois  .         Gourm    .     (helmet restricted)
rElec  .         Spirit   .     f - +1 cloak
rCorr  .         Warding  +     (no gloves)
rMut   .         Stasis   .     l - +0 pair of boots
MR     +....                    p - amulet of warding
Stlth  ..........               i - +1 ring of protection
                                k - ring of protection from magic

@: berserking, very quick, somewhat resistant to hostile enchantments, extremely
unstealthy
A: horns 1, large bone plates 1, nightstalker 1
a: no special abilities


You were on level 6 of the Dungeon.
You were not hungry.

You visited 1 branch of the dungeon, and saw 6 of its levels.
You also visited: Ossuary.

You collected 307 gold pieces.

Inventory:

Hand weapons
 a - a +0 war axe (weapon)
 m - a +0 dagger of holy wrath
 q - a cursed -3 quarterstaff
Missiles
 d - 4 throwing nets (quivered)
Armour
 b - a +0 leather armour (worn)
 c - a +0 helmet
 f - a +1 cloak (worn)
 l - a +0 pair of boots (worn)
 r - a cursed +0 robe
Jewellery
 i - a +1 ring of protection (right hand)
 k - a ring of protection from magic (left hand)
 p - an amulet of warding (around neck)
Magical devices
 x - a wand of cold (4)
 G - a wand of confusion (22)
Scrolls
 y - a scroll of enchant armour
 C - a scroll of remove curse
 D - a scroll of amnesia
 E - a scroll of magic mapping
Potions
 h - a potion of might {unknown}
 j - 2 potions of curing
 o - 2 potions of ambrosia {unknown}
 s - a potion of invisibility {unknown}
 t - a potion of poison {unknown}
 u - a potion of degeneration {unknown}
 v - 4 potions of agility {unknown}
 w - a potion of resistance {unknown}
 z - a potion of heal wounds {unknown}
 A - a potion of brilliance
 B - a potion of flight {unknown}
Books
 n - a book of Callings

   Spells                             Type                      Level
   a - Summon Small Mammal            Summoning                    1
   b - Call Imp                       Summoning                    2
   c - Call Canine Familiar           Summoning                    3
   d - Summon Guardian Golem          Hexes/Summoning              3
   e - Summon Lightning Spire         Summoning/Air                4
   f - Summon Ice Beast               Ice/Summoning                4
Comestibles
 e - 4 bread rations
 F - 3 meat rations


   Skills:
 + Level 4.6 Fighting
 + Level 5.8 Axes
 + Level 1.9 Throwing
 + Level 3.4 Armour
 + Level 5.8 Dodging
 + Level 2.5 Stealth


You had 7 spell levels left.
You didn't know any spells.

Dungeon Overview and Level Annotations

Branches:
Dungeon (6/15)
 Temple: D:4-7

Altars:
Gozag
Nemelex Xobeh
Yredelemnul
Zin

Annotations:
D:6 Blork the orc


Innate Abilities, Weirdness & Mutations

You have a pair of small horns on your head.
You are partially covered in large bone plates (AC +2, SH +2).
You are slightly more attuned to the shadows.


Message History

You hit the troll. Your headbutt misses the troll.
The troll is lightly wounded.
The troll bites you. The troll claws you!
* * * LOW HITPOINT WARNING * * *
The troll claws you!
* * * LOW HITPOINT WARNING * * *
Drink which item? (? for menu, Esc to quit)
A red film seems to cover your vision as you go berserk!
You feel yourself moving faster!
You feel mighty! The troll closely misses you. The troll misses you.
The troll barely misses you.
You barely miss the troll.
The troll is lightly wounded.
The troll bites you.
* * * LOW HITPOINT WARNING * * *
The troll closely misses you. The troll claws you.
* * * LOW HITPOINT WARNING * * *
You closely miss the troll. You headbutt the troll!
The troll is heavily wounded.
The troll bites you!
You die...

#########
#.@T.....
######'#######
# #.......# #
#.......# #
#.......#
#.....#
#.......#
#.....#
#.......#
#.....#
#.......#
#.....#
#.......#
#.....#


You could see a troll.

Vanquished Creatures
  The ghost of achirane the Grappler, an experienced HOMo (Ossuary)
  An ice beast (D:5)
  An ogre (D:4)
  A giant frog (D:5)
  2 water moccasin zombies (Ossuary)
  A scorpion (D:5)
  3 crimson imps
  A centaur zombie (D:5)
  2 hounds
  2 orc priests
  2 orc wizards (D:3)
  2 iguanas
  2 worker ants
  A big kobold zombie (Ossuary)
  2 mummies (Ossuary)
  4 gnolls (D:5)
  7 adders
  A shadow imp (D:5)
  An ooze (D:3)
  4 adder zombies
  3 worms
  2 giant geckos
  16 orcs
  7 giant cockroaches
  3 gnoll zombies (Ossuary)
  10 goblins
  6 hobgoblins
  3 jackals (D:2)
  4 bats
  A giant gecko skeleton (D:4)
  9 giant newts
  3 hobgoblin zombies (Ossuary)
  A jackal skeleton (D:4)
  9 kobolds
  8 kobold zombies (Ossuary)
  3 orc zombies (Ossuary)
  A quokka (D:2)
  A quokka zombie (D:6)
  5 rats
136 creatures vanquished.

Vanquished Creatures (others)
  A bat (D:3)
1 creature vanquished.

Grand Total: 137 creatures vanquished

Notes
Turn   | Place    | Note
--------------------------------------------------------------
     0 | D:1      | Liatris the Demonspawn Gladiator began the quest for the Orb.
     0 | D:1      | Reached XP level 1. HP: 16/16 MP: 1/1
    13 | D:1      | Noticed a killer bee
    13 | D:1      | Noticed a four-headed hydra
    13 | D:1      | Noticed a water moccasin
    14 | D:1      | Noticed a black bear
   138 | D:1      | Reached skill level 3 in Axes
   201 | D:1      | Gained mutation: You have a pair of small horns on your head. [demonic ancestry]
   201 | D:1      | Reached XP level 2. HP: 22/22 MP: 2/2
  1118 | D:2      | Gained mutation: You are partially covered in large bone plates (AC +2, SH +2). [demonic ancestry]
  1118 | D:2      | Reached XP level 3. HP: 23/27 MP: 3/3
  1519 | D:2      | Found a basalt altar of Yredelemnul.
  1857 | D:3      | Reached skill level 1 in Armour
  1864 | D:3      | Reached XP level 4. HP: 34/34 MP: 4/4
  1942 | D:3      | HP: 1/34 [orc priest/divine providence (12)]
  1949 | D:3      | Reached XP level 5. HP: 14/39 MP: 5/5
  3008 | D:4      | Reached skill level 4 in Dodging
  3245 | D:4      | Noticed an ogre
  3252 | D:4      | Killed an ogre
  3252 | D:4      | Reached XP level 6. HP: 17/46 MP: 6/6
  3462 | D:4      | Reached skill level 1 in Stealth
  3763 | D:5      | Entered Level 5 of the Dungeon
  4038 | D:5      | Gained mutation: You are slightly more attuned to the shadows. [demonic ancestry]
  4038 | D:5      | Reached XP level 7. HP: 50/52 MP: 7/7
  4405 | D:5      | Found a sand-covered staircase.
  4416 | Ossuary  | Entered an ossuary
  4544 | Ossuary  | Reached skill level 5 in Dodging
  4678 | Ossuary  | Reached skill level 5 in Axes
  4706 | Ossuary  | Noticed achirane's ghost (experienced HOMo)
  4749 | Ossuary  | Killed achirane's ghost
  4749 | Ossuary  | Reached XP level 8. HP: 6/60 MP: 8/8
  5564 | D:5      | Found an opulent altar of Gozag.
  5564 | D:5      | Found a glowing silver altar of Zin.
  5719 | D:5      | Found a sparkling altar of Nemelex Xobeh.
  5835 | D:6      | Noticed Blork the orc
  6098 | D:6      | Noticed a troll
  6359 | D:6      | Slain by a troll

Vault maps used:
D:1:      onia_arrival_zoo_common
D:2:      lemuel_doored_altar
D:3:      minmay_curled_crystal
D:4:      first_bread
D:5:      grunt_temple_overflow_gold_and_silver, old_standard_altar,
          lightli_ossuary_entry_decrepit_ruins, small_statue_alley_b,
          lemuel_old_faithful
D:6:      uniq_blork_the_orc
Ossuary:  ossuary_tomb_2

Action                   |  1- 3 |  4- 6 |  7- 9 || total
-------------------------+-------+-------+-------++-------
Melee: War axe           |   115 |   132 |   220 ||   467
Evoke: Wand              |       |       |     2 ||     2
  Use: Scroll            |     2 |     5 |     5 ||    12
       Potion            |       |     4 |     6 ||    10
 Stab: Sleeping          |       |     1 |     9 ||    10
  Eat: Pizza             |     1 |       |       ||     1
       Beef jerky        |     1 |       |       ||     1
       Bread ration      |       |     2 |     1 ||     3
       Meat ration       |       |       |     1 ||     1
